 Dungeon Crawl Stone Soup version 0.31-a0-408-gb642c7f9a3 (webtiles) character file.

Game seed: 16151421021728072869

4 LustLizard the Ruffian (level 1, 0/13 HPs)
             Began as an Octopode Shapeshifter on July 30, 2023.
             Slain by a jackal (2 damage)
             ... on level 1 of the Dungeon.
             The game lasted 00:00:14 (55 turns).

LustLizard the Ruffian (Octopode Shapeshifter)        Turns: 55, Time: 00:00:15

Health: 0/13       AC:  1    Str: 14    XL:     1   Next: 60%
Magic:  1/1        EV: 13    Int: 10    God:
Gold:   9          SH:  0    Dex: 12    Spells: 0/0 levels left

rFire   . .          .
                       - Unarmed
rCold   . . .        (no shield)
rNeg    . . .        (helmet currently unavailable)
rPois   .            (no amulet)
rElec   .            (no ring)
rCorr   .            (no ring)
SInv    .            (no ring)
Will    .....        (no ring)
Stlth   ++           (no ring)
HPRegen 0.22/turn    (no ring)
MPRegen 0.07/turn    (no ring)
                     (no ring)

%: no passive effects
@: beast-form
A: beast (slay +2), almost no armour, amphibious, 8 rings, camouflage 1,
gelatinous body 1, (nimble swimmer 1), tentacles
a: Begin Untransformation


You were on level 1 of the Dungeon.
You were a hulking beast.
You visited 1 branch of the dungeon, and saw 1 of its levels.

You collected 9 gold pieces.

Inventory:

Talismans
 b - a beast talisman
Potions
 a - a potion of lignification


   Skills:
 + Level 1.1 Fighting
 - Level 2.0 Dodging
 + Level 0.4 Stealth
 * Level 3.1 Unarmed Combat
 + Level 3.0 Shapeshifting


You couldn't memorise any spells.
You didn't know any spells.
Your spell library was empty.

Dungeon Overview and Level Annotations

Branches:
Dungeon (1/15)

Altars:


Innate Abilities, Weirdness & Mutations

You are a hulking beast.
Your limbs bulge with bestial killing power. (Slay +2)
You cannot wear most types of armour.
You are amphibious.
You can wear up to eight rings at the same time.
Your skin changes colour to match your surroundings (Stealth+).
Your rubbery body absorbs attacks. (AC +1, EV +1)
((You are camouflaged when in or above water. (Stealth+)))
You have tentacles for arms and can constrict up to eight enemies at once.


Message History

A goblin comes into view. It is wielding a +0 dagger.
The jackal barks!
A frilled lizard comes into view.
A rat comes into view.
A jackal comes into view.
The kobold shouts!
The jackal barks!
The endoplasm quivers.
You tentacle-slap the endoplasm but do no damage.
The endoplasm hits you.
The jackal barks!
You tentacle-slap the endoplasm.
The endoplasm is lightly wounded.
The jackal bites you. The endoplasm barely misses you.
You are too injured to fight recklessly!
You are too injured to fight recklessly!
You are too injured to fight recklessly!
You are too injured to fight recklessly!
You are too injured to fight recklessly!
You are too injured to fight recklessly!
You are too injured to fight recklessly!
You are too injured to fight recklessly!
You are too injured to fight recklessly!
You are too injured to fight recklessly!
You are too injured to fight recklessly!
You are too injured to fight recklessly!
Unknown command.
You tentacle-slap the endoplasm.
The endoplasm is almost dead.
The jackal misses you.
The kobold hits you with a +0 short sword.
The endoplasm freezes you.
You are frozen.
* * * LOW HITPOINT WARNING * * *
The jackal bites you but does no damage.
You bludgeon the endoplasm!
You kill the endoplasm!
The jackal misses you. The kobold completely misses you.
Unknown command.
You barely miss the jackal. Your grab misses the jackal. The jackal bites you.
You die...

....... ...#
...........###
.............#
............. ###
.........# ..
......# #. #.#.#
#.## ###..####
##..# ##...hhgl##
#...###.....KJ.h#
##..........#hr....
#..<......####h....
#........## .....
......##....# .#..
###...#####.... # .
##.. ##.... ##.
#....


You could see an endoplasm, 4 jackals, a goblin, a kobold, a frilled lizard and
a rat.

Vanquished Creatures
  2 endoplasms (D:1)
  A giant cockroach (D:1)
3 creatures vanquished.

Notes
Turn   | Place    | Note
-------+----------+-------------------------------------------
     0 | D:1      | LustLizard the Octopode Shapeshifter began the quest for
                  | the Orb.
     0 | D:1      | Reached XP level 1. HP: 13/13 MP: 1/1
    55 | D:1      | Slain by a jackal

Illustrated notes

Levels and vault maps discovered:
D:1:      dpeg_arrival_arbitrary_b, layout_basic

Action                     || total
---------------------------++-------
  Melee: Unarmed           ||    10
         Constrict         ||     1
         Tentacles         ||     1
 Armour: Skin              ||     1
  Dodge: Dodged            ||     6

Table legend: (Time is in decaauts)
 A = Elapsed time spent in this place.
 B = Non-inter-level travel time spent in this place.
 C = Inter-level travel time spent in this place.
 D = Time resting spent in this place.
 E = Time spent auto-exploring this place.
 F = Levels seen in this place.
 G = Mean time per level.
                   A        B        C        D        E       F      G
               +--------+--------+--------+--------+--------+-----+--------+
         Total |     54 |     54 |      0 |      0 |      7 |   1 |   54.0 |
       Dungeon |     54 |     54 |      0 |      0 |      7 |   1 |   54.0 |
               +--------+--------+--------+--------+--------+-----+--------+

Top non-repeatable levels by time:
     D:1: 54 daAuts
